Map: Submarine LE

Players

TIME (Oliveira)

  • Race: Terran Terran
  • League: Grandmaster
  • Spawn Location: 5:00

INnoVation - Winner!

  • Race: Terran Terran
  • League: Grandmaster
  • Spawn Location: 11:00

Event: War Chest Team League

VOD

Have the link to the VOD?

Description

Time

  • Played on: Aug. 9, 2020, 5:14 a.m.
  • Length: 11:26
Show
View Real Time Build Order
Export as new Build Order

TIME Terran 

Build Orders:  

Get SALT Encoding   

  12  0:00  SCV  
  13  0:12  SCV  
  14  0:17  Supply Depot  
  14  0:24  SCV  
  15  0:38  SCV  
  15  0:39  Barracks  
  16  0:43  Refinery  
  16  0:50  SCV  
  16  0:54  Refinery  
  17  1:02  SCV  
  18  1:14  SCV  
  19  1:29  Reaper, Orbital Command  
  20  1:41  Factory  
  20  1:49  Supply Depot  
  20  1:54  SCV  
  21  2:02  Reaper  
  21  2:06  SCV  
  23  2:19  SCV  
  24  2:25  Hellion  
  26  2:30  Command Center  
  26  2:32  SCV  
  27  2:44  Starport  
  27  2:45  SCV  
  27  2:50  Factory Tech Lab  
  28  2:51  Barracks Reactor  
  28  2:57  Supply Depot  
  28  2:58  SCV  
  29  3:10  SCV  
  30  3:18  Siege Tank  
  33  3:20  Medivac  
  33  3:22  SCV  
  33  3:25  Refinery  
  36  3:27  Marine x2  
  38  3:34  SCV  
  39  3:44  Orbital Command  
  39  3:45  Marine x2  
  40  3:51  Cyclone  
  42  3:56  Viking  
  42  4:03  Marine x2  
  44  4:11  SCV  
  44  4:12  SCV  
  46  4:21  Marine x2  
  48  4:28  SCV  
  49  4:31  Factory Tech Lab  
  49  4:35  SCV  
  49  4:36  Raven  
  51  4:39  Marine  
  51  4:40  SCV  
  51  4:45  Supply Depot x2  
  52  4:49  SCV  
  53  4:53  SCV  
  54  5:06  SCV, Marine x2, Siege Tank  
  60  5:20  Raven  
  62  5:24  Marine  
  62  5:25  Marine  
  51  5:37  SCV  
  51  5:38  SCV, Siege Tank  
  51  5:42  Marine  
  54  5:44  Bunker  
  54  5:49  SCV  
  55  5:50  Command Center, Barracks  
  55  5:51  SCV  
  55  5:52  Barracks  
  56  6:01  SCV  
  56  6:04  SCV, Refinery  
  58  6:12  Viking x2  
  58  6:13  SCV  
  58  6:14  Siege Tank  
  58  6:16  SCV  
  66  6:21  Stimpack  
  66  6:24  Marine  
  66  6:25  SCV  
  68  6:28  SCV  
  69  6:37  SCV  
  69  6:39  Barracks Reactor x2  
  70  6:44  Engineering Bay x2  
  70  7:02  Viking x2, SCV x2, Marine, Siege Tank  
  70  7:03  Orbital Command  
  80  7:12  Terran Infantry Weapons Level 1, Terran Infantry Armor Level 1  
  80  7:14  SCV  
  81  7:17  Marine x3  
  81  7:18  Marine  
  85  7:26  Supply Depot  
  85  7:27  Supply Depot  
  85  7:31  SCV, Orbital Command  
  85  7:35  Marine  
  85  7:36  Marine  
  85  7:47  Medivac x2, Marine x2, Barracks  
  85  7:49  SCV x2, Barracks, Siege Tank  
  96  7:53  Supply Depot  
  96  7:55  Marine  
  96  7:58  Marine  
  97  7:59  SCV  
  97  8:01  SCV  
  97  8:02  Marine  
  101  8:14  Marine x3  
  101  8:15  SCV  
  101  8:16  Marine  
  106  8:20  Marine  
  106  8:23  SCV  
  106  8:24  Combat Shield  
  106  8:25  Supply Depot  
  106  8:26  Armory  
  108  8:28  Supply Depot  
  108  8:32  SCV  
  109  8:35  Supply Depot  
  109  8:37  Marine x4  
  109  8:38  Marine, Siege Tank  
  117  8:46  SCV, Medivac x2  
  122  8:49  SCV  
  122  8:50  SCV  
  122  8:52  Sensor Tower  
  122  8:55  Marine x4  
  121  8:59  Barracks Reactor x2  
  121  9:01  SCV  
  121  9:02  SCV  
  127  9:08  Marine  
  128  9:12  Siege Tank  
  128  9:13  Marine  
  128  9:15  Marine  
  133  9:17  SCV x3, Marine  
  133  9:20  Supply Depot  
  133  9:21  Marine  
  133  9:22  Supply Depot  
  128  9:26  Marine  
  128  9:31  Marine, Liberator  
  121  9:33  Viking, Marine  
  121  9:35  Marine  
  121  9:38  SCV  
  130  9:39  Marine x2  
  130  9:40  Marine  
  130  9:44  Marine  
  129  9:45  SCV  
  129  9:47  Marine x2  
  129  9:49  SCV, Marine  
  129  9:51  Supply Depot, Refinery x2, Marine  
  134  9:53  Marine  
  134  9:57  Marine x2  
  135  10:01  Marine  
  135  10:02  Marine  
  135  10:03  Siege Tank  
  135  10:04  SCV x2  
  135  10:05  SCV  
  143  10:11  Marine x2  
  145  10:14  Marine x2  
  139  10:23  Marine x2  
  139  10:24  Marine  
  139  10:25  Marine x2  
  103  10:30  Marine  
  103  10:35  Marine x2, Siege Tank  
  104  10:36  SCV  
  104  10:37  SCV  
  104  10:38  Marine  
  104  10:41  Marine  
  103  10:43  Marine x3  
  103  10:49  Marine  
  112  10:50  Marine  
  112  10:54  Command Center, Marine x2  
  102  11:06  Marine x2  
  102  11:07  Marine x2  
Show
View Real Time Build Order
Export as new Build Order

INnoVation Terran - Winner!

Build Orders: 1/1/1 

Get SALT Encoding   

  12  0:00  SCV  
  13  0:12  SCV  
  14  0:17  Supply Depot  
  14  0:24  SCV  
  15  0:38  SCV  
  15  0:40  Barracks  
  16  0:43  Refinery  
  16  0:50  SCV  
  16  0:52  Refinery  
  17  1:02  SCV  
  18  1:14  SCV  
  19  1:26  Orbital Command  
  19  1:27  Reaper  
  19  1:28  Supply Depot  
  20  1:40  Factory  
  20  1:53  SCV  
  21  1:59  Barracks Reactor  
  21  2:05  SCV  
  22  2:17  SCV  
  23  2:24  Hellion  
  23  2:25  Starport  
  23  2:27  Supply Depot  
  23  2:29  SCV  
  26  2:35  Reaper x2  
  28  2:41  SCV  
  29  2:46  Hellion  
  29  2:50  Supply Depot  
  31  2:53  SCV  
  32  3:01  Medivac  
  34  3:07  Hellion, Reaper x2  
  38  3:26  Command Center  
  38  3:29  Factory Tech Lab  
  38  3:31  SCV  
  39  3:41  Marine  
  39  3:42  Supply Depot, Marine  
  42  3:51  Siege Tank  
  44  4:02  Medivac  
  45  4:06  Marine x2  
  48  4:10  SCV  
  48  4:23  SCV, Siege Tank  
  52  4:24  Marine  
  52  4:25  Refinery, Marine  
  52  4:41  SCV, Orbital Command  
  52  4:42  Marine x2  
  49  4:46  Starport Tech Lab  
  49  4:55  Siege Tank  
  49  4:58  SCV  
  53  5:05  Marine x2  
  55  5:09  Raven  
  55  5:10  SCV x2  
  59  5:22  SCV x2, Marine  
  63  5:30  Siege Tank  
  60  5:36  SCV x2  
  60  5:41  Barracks Reactor  
  60  5:42  Command Center  
  61  5:48  SCV x2, Supply Depot  
  63  6:00  SCV x2  
  63  6:03  Barracks, Siege Tank  
  68  6:05  Starport Reactor  
  68  6:10  Barracks  
  68  6:12  SCV x2, Supply Depot  
  70  6:19  Engineering Bay, Marine  
  70  6:20  Engineering Bay  
  70  6:21  Marine  
  70  6:24  SCV  
  73  6:27  SCV  
  73  6:29  Refinery  
  74  6:36  SCV  
  74  6:38  Siege Tank  
  74  6:39  SCV  
  79  6:43  Marine  
  80  6:49  Terran Infantry Weapons Level 1, Terran Infantry Armor Level 1  
  80  6:50  SCV, Starport Reactor  
  80  6:51  SCV  
  82  6:54  Stimpack  
  82  6:55  Orbital Command  
  82  6:58  Marine  
  83  7:04  Barracks  
  83  7:07  Barracks  
  83  7:11  SCV x2  
  83  7:12  Supply Depot  
  83  7:15  Siege Tank  
  88  7:18  Marine  
  88  7:19  Marine x2  
  88  7:20  Marine  
  88  7:21  Marine  
  93  7:24  Orbital Command  
  93  7:29  SCV x2  
  93  7:41  SCV x2, Marine x4  
  99  7:44  Supply Depot  
  99  7:46  Supply Depot  
  99  7:52  SCV  
  99  7:53  Barracks Reactor x2, SCV x2  
  99  7:54  Medivac x2  
  106  8:04  SCV, Supply Depot  
  106  8:05  SCV x2  
  108  8:06  Supply Depot  
  108  8:07  Marine x2  
  108  8:08  Marine x3  
  108  8:12  Siege Tank  
  115  8:22  SCV x2  
  115  8:23  SCV  
  115  8:25  Armory  
  115  8:26  Supply Depot  
  118  8:29  Marine  
  118  8:30  Marine x8  
  127  8:34  Combat Shield  
  127  8:38  Medivac x2  
  130  8:42  SCV x2  
  130  8:43  SCV  
  133  8:52  Marine x7  
  140  8:57  Supply Depot  
  140  8:58  Siege Tank  
  140  8:59  Supply Depot x2  
  143  9:05  Marine x2  
  143  9:06  Missile Turret  
  145  9:10  Marine x3  
  145  9:12  SCV  
  149  9:18  SCV  
  149  9:19  SCV, Marine  
  149  9:20  Marine x3  
  149  9:23  Marine x2  
  152  9:28  Marine  
  152  9:30  SCV, Siege Tank  
  152  9:31  SCV x2  
  156  9:33  Marine x2  
  156  9:37  Marine  
  156  9:41  Refinery x2  
  156  9:46  Sensor Tower  
  153  10:00  Marine x4  
  153  10:02  Siege Tank  
  153  10:04  Marine x2  
  153  10:05  Marine x2  
  163  10:10  Medivac x2  
  167  10:18  Marine  
  167  10:19  Marine x4  
  151  10:22  Marine x3  
  126  10:31  Marine  
  126  10:35  Siege Tank  
  121  10:36  Marine x4  
  121  10:37  Marine  
  121  10:40  Marine  
  121  10:44  Medivac x2, Marine x2  
  121  10:49  Marine  
  128  10:54  Marine x5  
  132  10:58  Marine  
  132  11:02  Marine x2  
  130  11:07  Marine  
Tags
 
Add a new tag
Caveats
  • Supply blocks, unpowered buildings, or Contaminate may cause inaccurate times.
  • Supply counts are checked every 10 seconds.